 Dungeon Crawl Stone Soup version 0.23.2 (webtiles) character file.

Game seed: 1486730993129046851

136 Menchi the Stinger (level 5, 0/37 HPs)
             Began as a Formicid Venom Mage on Apr 11, 2019.
             Succumbed to Edmund's poison
             ... on level 4 of the Dungeon.
             The game lasted 00:09:29 (3265 turns).

Menchi the Stinger (Formicid Venom Mage)            Turns: 3265, Time: 00:09:30

Health: 0/37       AC:  8    Str: 12 (13) XL:     5   Next: 43%
Magic:  5/9        EV:  9    Int: 15      God:
Gold:   209        SH:  0    Dex: 11      Spells: 5/10 levels left

rFire    . . .     SeeInvis +   f - +3 spear (pierce)
rCold    . . .     Gourm    .   (no shield)
rNeg     . . .     Faith    .   h - +1 scale mail
rPois    .         Spirit   .   (helmet unavailable)
rElec    .         Reflect  .   j - +0 cloak
rCorr    .         Harm     .   (no gloves)
MR       .....                  (no boots)
Stlth    +.........             e - amulet of regeneration
HPRegen  0.52/turn              (no ring)
MPRegen  0.11/turn              (no ring)

@: lethally poisoned (0 -> -12), very slightly contaminated
A: permanent stasis, dig shafts and tunnels, four strong arms, antennae 3
a: Dig, Shaft Self


You were on level 4 of the Dungeon.
You were not hungry.

You visited 1 branch of the dungeon, and saw 4 of its levels.

You collected 209 gold pieces.

Inventory:

Hand Weapons
 f - a +3 spear of piercing (weapon)
 n - the +0 spear of Spontaneous Combustion {freeze, rF+ MR+ SInv}
   (You found it on level 4 of the Dungeon)

   It has been specially enchanted to freeze those struck by it, causing extra
   injury to most foes and up to half again as much damage against particularly
   susceptible opponents.
   It can also slow down cold-blooded creatures.
   It protects you from fire.
   It affects your resistance to hostile enchantments.
   It lets you see invisible.
Armour
 h - a +1 scale mail (worn)
 j - a +0 cloak (worn)
 p - a +0 buckler
Jewellery
 e - an amulet of regeneration (around neck)
Scrolls
 a - a scroll of amnesia {unknown}
 g - a scroll of identify
Potions
 b - 2 potions of degeneration
 i - a potion of heal wounds
 k - a potion of resistance {unknown}
 l - a potion of curing
 m - a potion of mutation {unknown}
 o - a potion of lignification {unknown}
 q - a potion of might {unknown}
Comestibles
 c - 6 rations


   Skills:
 * Level 1.6 Fighting
 * Level 1.6 Armour
 - Level 1.7 Dodging
 + Level 3.0 Stealth
 * Level 0.3 Shields
 + Level 3.0 Spellcasting
 - Level 1.4 Conjurations
 * Level 5.4 Poison Magic


You had 5 spell levels left.
You knew the following spells:

 Your Spells              Type           Power        Failure   Level  Hunger
a - Sting                 Conj/Pois      ##..         26%         1    #......
b - Olgreb's Toxic Radia  Pois           ###.....     73%         4    #####..

Your spell library contained the following spells:

 Spells                   Type           Power        Failure   Level  Hunger
 Poisonous Vapours        Pois/Air       ##....       45%         2    ##.....
 Magic Dart               Conj           #...         50%         1    #......
 Mephitic Cloud           Conj/Pois/Air  #.......     77%         3    ###....
 Call Imp                 Summ           #.......     83%         2    ##.....
 Slow                     Hex            #.......     83%         2    ##.....
 Conjure Flame            Conj/Fire      #.......     93%         3    ###....
 Venom Bolt               Conj/Pois      ##........   100%        5    ######.
 Blink                    Tloc           Unusable     N/A         2    N/A

Dungeon Overview and Level Annotations

Branches:
Dungeon (4/15)
 Temple: D:4-7

Altars:
Ru

Annotations:
D:4 Edmund


Innate Abilities, Weirdness & Mutations

You cannot be hasted, slowed, berserked, paralysed or teleported.
You can dig through walls and to a lower floor.
Your four strong arms can wield two-handed weapons with a shield.
You have a pair of large antennae on your head. (SInv)


Message History

Edmund says, "A flail is better than a scythe, any day of the week!"
Casting: Sting (safe; 26% risk of failure)
Confirm with . or Enter, or press ? or * to list all spells.
Aiming: Sting (safe; 26% risk of failure)
Press: ? - help, Shift-Dir - straight line, f/p - Edmund
Aim: Edmund, wielding a +2 dire flail of venom and wearing a +0 scale mail (moderately wounded, poisoned)
The sting hits Edmund but does no damage.
Edmund is moderately wounded.
* * * LOW HITPOINT WARNING * * *
You feel sick.
Edmund hits you with a +2 dire flail of venom.
* * * LOW HITPOINT WARNING * * *
You are more poisoned.
You hit Edmund but do no damage.
Edmund is moderately wounded.
* * * LOW HITPOINT WARNING * * *
You feel sick. Edmund barely misses you.
Your scale mail prevents you from hitting Edmund.
Edmund is moderately wounded.
You die...

.# #.#.#####..###..........##
# .# #.#.# ##..###.########..#
# .####.#.####.......#[#...
#..####
...................#....
#....##
.####.#.#.##...###.#...#
#......
.####..........###.#...#
{#.#####
......)............#...# #.#
..####....##...###.#...# #.#
..####...>##....@@.....# #.#
..#....................# #.#
..........###..###.#......#.#
..........###..###.#..##..#.##
..#.##....##.......#..)# .#..#
..#.##.........##..#..## #..#
###.##....#........#.## #..#
#.##.......#.###.#.. #..###
###.##.............#
#####....#


You could see Edmund.

Vanquished Creatures
  A worker ant (D:4)
  4 adders
  3 oozes
  2 worms
  A dart slug (D:3)
  A leopard gecko (D:2)
  A giant cockroach (D:2)
  8 goblins
  7 hobgoblins
  3 jackals (D:4)
  4 quokkas
  2 bats
  7 frilled lizards
  4 kobolds
  10 rats
58 creatures vanquished.

Notes
Turn   | Place    | Note
-------+----------+-------------------------------------------
     0 | D:1      | Menchi the Formicid Venom Mage began the quest for the Orb.
     0 | D:1      | Reached XP level 1. HP: 13/13 MP: 3/3
   494 | D:1      | Reached XP level 2. HP: 19/19 MP: 3/5
   935 | D:2      | Reached XP level 3. HP: 5/25 MP: 4/6
   995 | D:2      | Reached skill level 1 in Conjurations
  1014 | D:2      | Reached skill level 1 in Armour
  1370 | D:2      | Found a sacrificial altar of Ru.
  1546 | D:2      | Reached skill level 1 in Fighting
  1613 | D:2      | Reached XP level 4. HP: 32/32 MP: 7/7
  1890 | D:3      | Found a faded altar of an unknown god.
  1906 | D:3      | Reached skill level 5 in Poison Magic
  2402 | D:3      | Reached XP level 5. HP: 37/37 MP: 5/9
  2410 | D:3      | Learned a level 4 spell: Olgreb's Toxic Radiance
  2670 | D:4      | Got a polished spear
  2671 | D:4      | Identified the cursed +0 spear of Spontaneous Combustion
                  | {freeze, rF+ MR+ SInv} (You found it on level 4 of the
                  | Dungeon)
  3248 | D:4      | Noticed Edmund
  3265 | D:4      | Succumbed to Edmund's poison

Skill      XL: |  1  2  3  4 |
---------------+-------------+-----
Conjurations   | 1 |  1.4
Armour         | 1 |  1.6
Fighting       | 1 |  1.6
Poison Magic   | 5 |  5.4
Stealth        | 3 |  3.0
Spellcasting   | 3 |  3.0
Dodging        | |  1.7
Shields        | |  0.3

Action                   |  1- 3 |  4- 6 || total
-------------------------+-------+-------++-------
Melee: Unarmed           |    13 |       ||    13
       Spear             |    42 |    52 ||    94
 Cast: Sting             |    22 |    29 ||    51
  Use: Potion            |     2 |       ||     2
       Scroll            |       |     7 ||     7
 Stab: Sleeping          |     1 |       ||     1
  Eat: Chunk             |     2 |     6 ||     8
Armor: Robe              |     5 |       ||     5
       Scale mail        |       |    12 ||    12
Dodge: Dodged            |    36 |    15 ||    51
